 Dungeon Crawl Stone Soup version 0.21-a0-442-g848f44b (webtiles) character file.

146 KristoblXynda the Ducker (level 5, -4/27 HPs)
             Began as a Spriggan Fighter on Nov 14, 2017.
             Slain by an ooze (5 damage)
             ... on level 2 of the Dungeon.
             The game lasted 00:02:38 (1337 turns).

KristoblXynda the Ducker (Spriggan Fighter)         Turns: 1337, Time: 00:02:39

Health: -4/27      AC:  2    Str: 17    XL:     5   Next: 7%
Magic:  6/6        EV: 20    Int: 10    God:
Gold:   80         SH:  6    Dex: 16    Spells: 4/4 levels left

rFire    . . .     SeeInvis +   a - +0 long sword
rCold    . . .     Gourm    .   c - +0 buckler
rNeg     . . .     Faith    .   b - +0 robe
rPois    .         Spirit   .   (helmet restricted)
rElec    .         Reflect  .   (no cloak)
rCorr    .         Harm     .   (gloves unavailable)
MR       .....                  (boots unavailable)
Stlth    +.........             (no amulet)
HPRegen  0.09/turn              (no ring)
MPRegen  0.10/turn              (no ring)

@: mighty, hasted, very quick
A: unfitting armour, see invisible, herbivore 3, speed 3, slow metabolism 2
a: no special abilities


You were on level 2 of the Dungeon.
You were not hungry.

You visited 1 branch of the dungeon, and saw 2 of its levels.

You collected 80 gold pieces.

Inventory:

Hand Weapons
 a - a +0 long sword (weapon)
Armour
 b - a +0 robe (worn)
 c - a +0 buckler (worn)
Scrolls
 g - a scroll of recharging {unknown}
 h - 2 scrolls of identify {unknown}
 i - a scroll of teleportation {unknown}
 j - 3 scrolls of amnesia {unknown}
 k - a scroll of noise {unknown}
Comestibles
 f - a bread ration


   Skills:
 - Level 2.4 Fighting
 * Level 3.3 Long Blades
 + Level 5.6 Dodging
 + Level 2.8 Shields


You had 4 spell levels left.
You didn't know any spells.

Dungeon Overview and Level Annotations

Branches:
Dungeon (2/15)

Altars:


Innate Abilities, Weirdness & Mutations

You are very small and have problems with some larger weapons.
You are too small for most types of armour.
You have supernaturally acute eyesight. (SInv)
You are a herbivore.
You cover ground extremely quickly.
You need consume almost no food.


Message History

There is an open door here.
The jelly misses you. The ooze misses you.
There is an open door here.
You slash the ooze!
You kill the ooze!
You slash the jelly!
Your hands burn!
* * * LOW HITPOINT WARNING * * *
The jelly is heavily wounded.
You block the jelly's attack.
You slash the jelly!
You kill the jelly!
You have reached level 5!
You feel clever.
The fungus is no longer covered in acid.
You see here a kobold corpse.
You see here a kobold corpse.
You hit the ooze.
The ooze is moderately wounded.
The ooze hits you.
You die...

... #.. ..##.# #.(..###
#......#########
.......##......##########
#<#.##.##.PP.J.J##......#####
#.#(# .##.....J#J#.......##.#
#.#.##.##.PP...#J#[.......'.##
#.#)##.##......#@#......))'..#
#.#.##.##.P÷P.P#.#'#...)..'..#
#......##....÷÷#(#.#.....##..#
....##.##..÷P..#.#.#....###..#
#.####.##!..÷..##(#########.##
#).....# ##########...####
######.# ### #.....###.>...
######.# #.# #...).....####
.......# #.# #....#...## #


You could see a jelly and 2 oozes.

Vanquished Creatures
  2 jellies (D:2)
  6 oozes (D:2)
  A dart slug (D:1)
  8 bats
  2 giant cockroaches (D:1)
  10 goblins
  6 hobgoblins
  4 jackals (D:1)
  A quokka (D:2)
  4 frilled lizards
  13 kobolds
  3 rats
60 creatures vanquished.

Vanquished Creatures (others)
  3 fungi (D:2)
  7 toadstools (D:2)
10 creatures vanquished.

Grand Total: 70 creatures vanquished

Notes
Turn   | Place    | Note
-------+----------+-------------------------------------------
     0 | D:1      | KristoblXynda the Spriggan Fighter began the quest for the Orb.
     0 | D:1      | Reached XP level 1. HP: 11/11 MP: 2/2
   162 | D:1      | Reached XP level 2. HP: 12/16 MP: 3/3
   620 | D:1      | Reached XP level 3. HP: 18/19 MP: 4/4
   750 | D:1      | Reached skill level 5 in Dodging
  1309 | D:2      | Reached XP level 4. HP: 7/23 MP: 5/5
  1329 | D:2      | HP: 1/23 [acid (5)]
  1330 | D:2      | Reached XP level 5. HP: 1/27 MP: 6/6
  1337 | D:2      | Slain by an ooze

Vault maps used:
D:1:      nicolae_arrival_memento_mori, minmay_misc_feat_more_columns,
          minmay_tromino_v7
D:2:      cheibrodos_fertilizer, gammafunk_temple_overflow_wave

Skill      XL: |  1  2  3  4 |
---------------+-------------+-----
Long Blades    | 2 3 |  3.3
Dodging        | 5 |  5.6
Fighting       | |  2.4
Shields        | |  2.8

Action                   |  1- 3 |  4- 6 || total
-------------------------+-------+-------++-------
Melee: Long sword        |   119 |    11 ||   130
  Use: Potion            |     2 |       ||     2
 Stab: Sleeping          |     3 |       ||     3
       Distracted        |     1 |       ||     1
Armor: Robe              |    12 |       ||    12
Dodge: Dodged            |   100 |     4 ||   104
Block: Buckler           |    44 |     1 ||    45
       Rpst.: Long sword |    34 |       ||    34

Table legend:
 A = Spawn XP
 B = Non-spawn XP
 C = Spawn XP percentage of total XP
 D = Spawn monster count
 E = Non-spawn monster count
 F = Spawn count percentage of total count
 G = Total turns spent on level
                    A         B        C        D         E        F      G
               +---------+---------+-------+---------+---------+-------+---------
         Total |       0 |     209 |   0.0 |       0 |      60 |   0.0 |  1337
               +---------+---------+-------+---------+---------+-------+---------
           D:1 |       0 |      54 |   0.0 |       0 |      32 |   0.0 |   873
           D:2 |       0 |     155 |   0.0 |       0 |      28 |   0.0 |   464
               +---------+---------+-------+---------+---------+-------+---------
